Map: Cactus Valley LE (Void)

Players

Musumeci - Winner!

  • Race: Zerg Zerg
  • League: Diamond
  • Spawn Location: 5:00

FluffyRoach

  • Race: Zerg Zerg
  • Spawn Location: 7:00

VOD

Have the link to the VOD?

Description

Time

  • Played on: Feb. 9, 2017, 3:18 p.m.
  • Length: 2:16
Show
View Real Time Build Order
Export as new Build Order

Musumeci Zerg - Winner!

Build Orders: Pool Only 

Get SALT Encoding   

  12  0:14  Extractor  
  11  0:23  Spawning Pool  
  10  0:36  Drone x2  
  12  0:43  Overlord  
  12  1:10  Zergling x2  
  12  1:11  Zergling x4  
  15  1:23  Zergling x2  
  16  1:33  Zergling x2  
  17  1:44  Baneling Nest  
  16  1:50  Zergling x2  
  17  1:58  Zergling x2  
Show
View Real Time Build Order
Export as new Build Order

FluffyRoach Zerg 

Build Orders: Hatch First 

Get SALT Encoding   

  12  0:01  Drone  
  13  0:12  Overlord  
  13  0:17  Drone  
  14  0:30  Drone x2  
  14  0:34  Drone  
  17  0:53  Hatchery  
  17  0:56  Drone  
  17  0:57  Drone  
  18  1:04  Extractor  
  17  1:13  Spawning Pool  
  17  1:16  Drone  
  17  1:19  Drone  
  18  1:29  Drone  
  19  1:43  Overlord  
Tags
 
Add a new tag
Caveats
  • Supply blocks, unpowered buildings, or Contaminate may cause inaccurate times.
  • Supply counts are checked every 10 seconds.